 Dungeon Crawl Stone Soup version 0.27-a0-1322-gfdffb62a71 (webtiles) character file.

Game seed: 9504542044809137860

154 Gwenloh the Chopper (level 5, -3/43 HPs)
             Began as a Palentonga Berserker on June 22, 2021.
             Was a Believer of Trog.
             Slain by a worm (4 damage)
             ... on level 3 of the Dungeon.
             The game lasted 00:07:31 (2190 turns).

Gwenloh the Chopper (Palentonga Berserker)          Turns: 2190, Time: 00:07:32

Health: -3/43      AC:  5    Str: 21    XL:     5   Next: 13%
Magic:  5/5        EV:  9    Int:  7    God:    Trog [**....]
Gold:   71         SH:  0    Dex: 16    Spells: 4/4 levels left

rFire    . . .     SeeInvis +   a - +0 hand axe
rCold    . . .     Faith    .   (no shield)
rNeg     . . .     Spirit   .   c - +0 ring mail
rPois    .         Reflect  .   (no helmet)
rElec    .         Harm     .   (no cloak)
rCorr    .         Rampage  .   (no gloves)
Will     .....                  (no barding)
Stlth    +.........             (no amulet)
HPRegen  0.14/turn              i - +6 ring of dexterity
MPRegen  0.09/turn              (no ring)

@: on berserk cooldown, slowed, very slow
A: large, rugged brown scales 3, see invisible, deformed body, roll 1, armoured
tail
a: Rolling Charge, Renounce Religion, Berserk, Trog's Hand


You were on level 3 of the Dungeon.
You worshipped Trog.
Trog was pleased with you.
You visited 1 branch of the dungeon, and saw 3 of its levels.

You collected 71 gold pieces.

Inventory:

Hand Weapons
 a - a +0 hand axe (weapon)
Missiles
 d - 18 bolts
 j - 21 poisoned darts (quivered)
 k - 48 stones
Armour
 b - a +0 animal skin
 c - a +0 ring mail (worn)
Jewellery
 i - a +6 ring of dexterity (left hand)
 l - a +4 ring of evasion
 m - a ring of resist corrosion
Scrolls
 e - a scroll of enchant weapon {unknown}
 g - a scroll of blinking {unknown}
 h - a scroll of enchant armour {unknown}
 n - a scroll of fear {unknown}
 p - a scroll of identify {unknown}
Potions
 f - a potion of degeneration {unknown}
 o - a potion of haste {unknown}


   Skills:
 - Level 3.0 Fighting
 + Level 5.9 Axes
 - Level 1.5 Armour
 - Level 1.5 Dodging


You had 4 spell levels left.
You didn't know any spells.
Your spell library was empty.

Dungeon Overview and Level Annotations

Branches:
Dungeon (3/15)

Altars:
Elyvilon
Nemelex Xobeh
Ru


Innate Abilities, Weirdness & Mutations

You are completely covered in rugged brown scales. (AC +3, +7% HP)
You have supernaturally acute eyesight. (SInv)
Armour fits poorly on your strangely shaped body.
You can roll at nearby foes to attack.
You have a long armoured tail.


Message History

Sigmund misses you. Sigmund closely misses you.
You closely miss Sigmund.
Your tail-slap misses Sigmund.
Sigmund is severely wounded.
You hit the worm.
You feel the effects of Trog's Hand fading.
Sigmund hits you with a +0 scythe! The worm bites you.
You hit Sigmund but do no damage.
Sigmund is severely wounded.
You hit the worm. Sigmund barely misses you. Sigmund casts a spell at you.
You resist with almost no effort. The worm bites you.
* * * LOW HITPOINT WARNING * * *
You barely miss Sigmund.
Sigmund is severely wounded.
You hit the worm. Sigmund barely misses you.
You slash Sigmund!
Sigmund is almost dead.
You hit the worm but do no damage.
Sigmund says, "Don't worry, I'll kill you fast."
Sigmund closely misses you. The worm bites you.
* * * LOW HITPOINT WARNING * * *
Sigmund hits you with a +0 scythe!
* * * LOW HITPOINT WARNING * * *
You closely miss Sigmund.
Sigmund is almost dead.
You hit the worm.
Your skin stops crawling.
You feel less strong-willed. Sigmund hits you but does no damage.
The worm barely misses you. Sigmund hits you with a +0 scythe.
* * * LOW HITPOINT WARNING * * *
You barely miss Sigmund.
Sigmund is almost dead.
You completely miss the worm. The worm bites you but does no damage.
Sigmund closely misses you.
You slash Sigmund!
You kill Sigmund!
Trog accepts your kill.
Trog appreciates your killing of a magic user.
You hit the worm. The worm bites you.
You die...

## ... ### ^_^. ###
#...#^^^. ..#
#.#....# #.#
#.#.).### #.#
#)......#
###.#####@w..._.#
#.....##..!......
#<)...##._..8....
#................
#......#.........#
...#.........._....
..#....###.#......#.
##.##.#.. .....###..
. #.#####.##.# #


You could see a worm.

Vanquished Creatures
  Sigmund (D:3)
  A hound (D:3)
  Natasha (D:3)
  4 adders (D:2)
  5 orcs
  2 ball pythons (D:1)
  2 bats (D:1)
  3 endoplasms
  2 giant cockroaches
  6 goblins
  7 hobgoblins
  4 jackals (D:1)
  3 quokkas
  3 frilled lizards
  3 kobolds
  10 rats
57 creatures vanquished.

Notes
Turn   | Place    | Note
-------+----------+-------------------------------------------
     0 | D:1      | Gwenloh the Palentonga Berserker began the quest for the
                  | Orb.
     0 | D:1      | Reached XP level 1. HP: 19/19 MP: 1/1
   124 | D:1      | Reached XP level 2. HP: 13/25 MP: 2/2
   480 | D:1      | Reached skill level 4 in Axes
   737 | D:1      | Reached XP level 3. HP: 31/31 MP: 3/3
  1227 | D:2      | Reached ** piety under Trog
  1305 | D:2      | Reached XP level 4. HP: 24/37 MP: 4/4
  1450 | D:2      | Reached skill level 5 in Axes
  2174 | D:3      | Noticed Natasha
  2175 | D:3      | Found a sparkling altar of Nemelex Xobeh.
  2175 | D:3      | Found a white marble altar of Elyvilon.
  2175 | D:3      | Killed Natasha
  2176 | D:3      | Reached XP level 5. HP: 43/43 MP: 5/5
  2176 | D:3      | Found a sacrificial altar of Ru.
  2177 | D:3      | Noticed Sigmund
  2178 | D:3      | Found a faded altar of an unknown god.
  2188 | D:3      | HP: 1/43 [Sigmund (2)]
  2190 | D:3      | Killed Sigmund
  2190 | D:3      | Slain by a worm

Illustrated notes

Levels and vault maps discovered:
D:1:      elethiomel_arrival_fortress_basement, layout_basic,
          minmay_indecisive_spiral
D:2:      layout_rooms, minmay_crystal_water, minmay_misc_feat_tower
D:3:      layout_loops_ring, grunt_temple_overflow_open,
          ebering_ecumenical_altar_webs, minmay_strange_pillars,
          serial_bayou_lake_a, uniq_terence, uniq_sigmund, uniq_natasha

Skill      XL: |  1  2  3  4 |
---------------+-------------+-----
Axes           | 4 5 |  5.9
Fighting       | |  3.0
Armour         | |  1.5
Dodging        | |  1.5

Action                   |  1- 3 |  4- 6 || total
-------------------------+-------+-------++-------
Melee: Hand axe          |   119 |    36 ||   155
       Tailslap          |    12 |     7 ||    19
Throw: Dart              |       |     4 ||     4
Invok: Berserk           |       |     1 ||     1
       Trog's Hand       |       |     1 ||     1
 Abil: Rolling Charge    |    22 |    10 ||    32
Armor: Ring mail         |    45 |    12 ||    57
Dodge: Dodged            |    37 |    21 ||    58

Table legend: (Time is in decaauts)
 A = Elapsed time spent in this place.
 B = Non-inter-level travel time spent in this place.
 C = Inter-level travel time spent in this place.
 D = Time resting spent in this place.
 E = Time spent auto-exploring this place.
 F = Levels seen in this place.
 G = Mean time per level.
                   A        B        C        D        E       F      G
               +--------+--------+--------+--------+--------+-----+--------+
         Total |   2209 |   2170 |     39 |    611 |   1129 |   3 |  736.3 |
       Dungeon |   2209 |   2170 |     39 |    611 |   1129 |   3 |  736.3 |
               +--------+--------+--------+--------+--------+-----+--------+

Top non-repeatable levels by time:
     D:1: 1043 daAuts
     D:2: 1011 daAuts
     D:3: 155 daAuts
